 Dungeon Crawl Stone Soup version 0.27-a0-1557-g57f10a385c (webtiles) character file.

Game seed: 15996118234996037042

37 Sin92 the Skirmisher (level 3, -2/29 HPs)
             Began as a Demonspawn Fighter on July 15, 2021.
             Slain by a quokka (4 damage)
             ... on level 2 of the Dungeon.
             The game lasted 00:00:49 (783 turns).

Sin92 the Skirmisher (Demonspawn Fighter)            Turns: 783, Time: 00:00:50

Health: -2/29      AC:  6    Str: 17    XL:     3   Next: 23%
Magic:  3/3        EV:  7    Int:  9    God:
Gold:   67         SH: 10    Dex: 12    Spells: 2/2 levels left

rFire    . . .     SeeInvis .   a - +0 war axe
rCold    . . .     Faith    .   c - +1 kite shield
rNeg     . . .     Spirit   .   b - +0 scale mail
rPois    .         Reflect  .   (helmet restricted)
rElec    .         Harm     .   (no cloak)
rCorr    .         Rampage  .   (no gloves)
Will     .....                  (no boots)
Stlth    ..........             f - amulet of regeneration
HPRegen  1.09/turn              (no ring)
MPRegen  0.08/turn              (no ring)

@: no status effects
A: horns 1, ignite blood 1
a: no special abilities


You were on level 2 of the Dungeon.
You visited 1 branch of the dungeon, and saw 2 of its levels.

You collected 67 gold pieces.

Inventory:

Hand Weapons
 a - a +0 war axe (weapon)
Missiles
 g - 2 boomerangs of dispersal (quivered)
Armour
 b - a +0 scale mail (worn)
 c - a +1 kite shield (worn)
Jewellery
 f - an amulet of regeneration (around neck)
Potions
 d - a potion of might


   Skills:
 + Level 3.3 Fighting
 + Level 2.1 Axes
 + Level 3.0 Armour
 + Level 1.0 Dodging
 + Level 3.0 Shields


You had 2 spell levels left.
You didn't know any spells.
Your spell library was empty.

Dungeon Overview and Level Annotations

Branches:
Dungeon (2/15)

Altars:

Annotations:
D:2 Robin


Innate Abilities, Weirdness & Mutations

You have a pair of small horns on your head.
Your demonic aura sometimes causes spilled blood to erupt in flames.


Message History

The quokka completely misses you. Robin throws the goblin at you!
Your Shields skill increases to level 3!
There are monsters nearby!
Unknown command.
There are monsters nearby!
You miss the quokka. Your headbutt misses the quokka.
The quokka is severely wounded.
You hit the goblin. x2; You hit the hobgoblin.
The quokka bites you but does no damage.
The hobgoblin barely misses you. You block the goblin's attack.
The goblin hits you with a +0 club. You block the quokka's attack.
Robin throws the goblin at you! The hobgoblin hits you.
The goblin hits you with a +0 club. x2
The goblin is engulfed in blazing flames.
You kill the goblin!
You are too injured to fight recklessly!
Unknown command.
There are monsters nearby!
You are too injured to fight recklessly!
There are monsters nearby!
Unknown command.
There are monsters nearby!
You are too injured to fight recklessly!
Unknown command.
There are monsters nearby!
You are too injured to fight recklessly!
There are monsters nearby!
You are too injured to fight recklessly!
Unknown command.
You block the quokka's attack. You block the goblin's attack.
The goblin hits you with a +0 club. The quokka bites you.
* * * LOW HITPOINT WARNING * * *
Items here: )) ††.
Unknown command.
Robin hits you with a +0 dagger.
* * * LOW HITPOINT WARNING * * *
The quokka bites you.
* * * LOW HITPOINT WARNING * * *
The goblin barely misses you. The quokka bites you.
You die...

...... #.# ......
#.# ......#####.##
.............#
.............####
................#
......ggg..#.##.#
#+#g○g).#.##.#
#@r°g.#.##.#
#.###.#.##.######
.... #.#.##.....<#
#.......#.#########
#...#####.# #....
..# #..## #..


You could see Robin, a quokka, 2 hobgoblins and 3 goblins.

Vanquished Creatures
  2 dart slugs (D:1)
  A ball python (D:1)
  An endoplasm (D:1)
  A giant cockroach (D:1)
  2 hobgoblins
  8 jackals (D:1)
  5 bats (D:1)
  A frilled lizard (D:1)
  4 goblins (D:2)
  7 rats
32 creatures vanquished.

Notes
Turn   | Place    | Note
-------+----------+-------------------------------------------
     0 | D:1      | Sin92 the Demonspawn Fighter began the quest for the Orb.
     0 | D:1      | Reached XP level 1. HP: 18/18 MP: 1/1
    80 | D:1      | Gained mutation: Your demonic aura sometimes causes spilled
                  | blood to erupt in flames. [demonic ancestry]
    80 | D:1      | Reached XP level 2. HP: 22/24 MP: 2/2
   155 | D:1      | Found a faded altar of an unknown god.
   684 | D:1      | Gained mutation: You have a pair of small horns on your
                  | head. [demonic ancestry]
   684 | D:1      | Reached XP level 3. HP: 29/29 MP: 3/3
   773 | D:2      | Noticed Robin
   777 | D:2      | Reached skill level 1 in Dodging
   782 | D:2      | HP: 1/29 [quokka (2)]
   783 | D:2      | Slain by a quokka

Illustrated notes

Levels and vault maps discovered:
D:1:      onia_arrival_pyramid, layout_loops_ring,
          shapermc_ecumenical_altar_notcrosses
D:2:      layout_basic, serial_undead, serial_undead_d, serial_undead_e,
          serial_undead_e, serial_undead_e, basic_altar, uniq_robin,
          uniq_jessica

Skill      XL: |  1  2  3 |
---------------+----------+-----
Axes           | 2 |  2.1
Armour         | 3 |  3.0
Dodging        | 1 |  1.0
Shields        | 3 |  3.0
Fighting       | |  3.3

Action                   || total
-------------------------++-------
Melee: War axe           ||    62
       Headbutt          ||     2
  Use: Scroll            ||     2
 Stab: Distracted        ||     1
Armor: Scale mail        ||    41
Dodge: Dodged            ||    34
Block: Kite shield       ||    39

Table legend: (Time is in decaauts)
 A = Elapsed time spent in this place.
 B = Non-inter-level travel time spent in this place.
 C = Inter-level travel time spent in this place.
 D = Time resting spent in this place.
 E = Time spent auto-exploring this place.
 F = Levels seen in this place.
 G = Mean time per level.
                   A        B        C        D        E       F      G
               +--------+--------+--------+--------+--------+-----+--------+
         Total |    824 |    813 |     11 |     11 |    633 |   2 |  412.0 |
       Dungeon |    824 |    813 |     11 |     11 |    633 |   2 |  412.0 |
               +--------+--------+--------+--------+--------+-----+--------+

Top non-repeatable levels by time:
     D:1: 774 daAuts
     D:2: 50 daAuts
